 Dungeon Sprint DCSS version 0.15-a0-2327-gc7140f0 (webtiles) character file.

5924 runewalsh the Destroyer (level 10, -2/56 HPs)
             Began as an Octopode Air Elementalist on July 29, 2014.
             Was the Champion of Vehumet.
             Slain by a death yak (23 damage)
             ... in the Dungeon (Sprint IX: "|||||||||||||||||||||||||||||").
             The game lasted 00:05:37 (1438 turns).

runewalsh the Destroyer (Octopode Air Elementalist) Turns: 1438, Time: 00:05:37

HP  -2/56        AC  1     Str  8      XL: 10   Next: 83%
MP  15/30        EV 14     Int 24      God: Vehumet [******]
Gold 3           SH  0     Dex 12      Spells:  6 memorised, 12 levels left

rFire  . . .     SeeInvis .     e - staff of energy
rCold  . . .     Clarity  .     (no shield)
rNeg   . . .     rCorr    .     (helmet restricted)
rPois  .         rRot     .     (no amulet)
rElec  .         Spirit   .     p - +3 ring of intelligence
SustAb .         Warding  .     o - +2 ring of evasion
rMut   .         NoTele   +     (no ring)
Gourm  .                        (no ring)
MR     .....                    (no ring)
                                (no ring)
                                (no ring)
                                (no ring)

@: not resistant to hostile enchantments, fairly stealthy
A: almost no armour, amphibious, 8 rings, constrict 8, camouflage 1, gelatinous
body 1
a: Renounce Religion


You were in the Dungeon.
You worshipped Vehumet.
Vehumet was exalted by your worship.
You were not hungry.

You visited 1 branch You collected 3 gold pieces.

Inventory:

Magical devices
 m - a wand of cold (5)
Scrolls
 i - 2 scrolls of blinking
 k - 3 scrolls of remove curse
 l - 2 scrolls of amnesia
 r - 2 scrolls of enchant armour
 s - a scroll of fear
 t - a scroll of recharging
 u - 2 scrolls of enchant weapon
 v - a scroll of identify
Jewellery
 o - a +2 ring of evasion (right tentacle)
 p - a +3 ring of intelligence (left tentacle)
Potions
 a - a potion of cure mutation
 d - 5 potions of curing
 f - 3 potions of haste
 g - 4 potions of magic
 h - a potion of berserk rage
 j - a potion of invisibility
 n - 7 potions of heal wounds
Books
 b - a book of Air

   Spells                             Type                      Level
   *Shock                             Conjuration/Air              1
   *Swiftness                         Charms/Air                   2
   *Repel Missiles                    Charms/Air                   2
   Flight                             Charms/Air                   3
   *Static Discharge                  Conjuration/Air              3
   *Lightning Bolt                    Conjuration/Air              5
Magical staves
 e - an uncursed staff of energy (weapon)


   Skills:
 - Level 2.0 Dodging
 - Level 2.6 Stealth
 + Level 11.9 Spellcasting
 * Level 17.1 Conjurations
 - Level 12.5 Air Magic


You had 12 spell levels left.
You knew the following spells:

 Your Spells              Type           Power        Failure   Level  Hunger
a - Orb of Destruction    Conj           #######...   1%          7    None
h - Lightning Bolt        Conj/Air       ######....   1%          5    None
m - Repel Missiles        Chrm/Air       #####.       1%          2    None
p - Shock                 Conj/Air       ####         0%          1    None
s - Static Discharge      Conj/Air       ######..     1%          3    None
W - Swiftness             Chrm/Air       #####...     1%          2    None


Dungeon Overview and Level Annotations

Branches:
Dungeon (1/1)

Altars:
Cheibriados
Dithmenos
Elyvilon
Fedhas
Gozag
Kikubaaqudgha
Makhleb
Nemelex Xobeh
Okawaru
Qazlal
Sif Muna
Trog
Vehumet
Xom
Yredelemnul
Zin
The Shining One
Beogh
Jiyva
Lugonu


Innate Abilities, Weirdness & Mutations

You cannot wear most types of armour.
You are amphibious.
You can wear up to eight rings at the same time.
You can use your tentacles to constrict many enemies at once.
Your skin changes colour to match your surroundings (Stealth).
Your rubbery body absorbs attacks (AC +1).


Message History

The death yak is heavily wounded.
The death yak gores you!!
Casting: Lightning Bolt
Confirm with . or Enter, or press ? or * to list all spells.
Aiming: Lightning Bolt
Press: ? - help, Shift-Dir - straight line, p - death yak You hear a mighty clap of thunder!
The bolt of lightning hits the death yak.
The death yak is heavily wounded.
The death yak completely misses you.
Unknown command.
Casting: Lightning Bolt
Confirm with . or Enter, or press ? or * to list all spells.
Aiming: Lightning Bolt
Press: ? - help, Shift-Dir - straight line You hear a mighty clap of thunder!
The bolt of lightning hits the death yak.
The death yak is heavily wounded.
The death yak gores you!!
You die...

▓▓▓▓▓▓▓▓▓▓▓▓▓▓▓▓▓▓▓▓▓▓▓▓
▓<.....%))..)%.....'____
▓▓▓▓▓▓▓▓▓▓▓▓▓▓▓▓▓▓▓▓▓▓▓▓
▓.......................
▓.▓▓▓▓▓▓▓▓▓▓▓▓▓▓▓▓▓▓▓▓▓▓
▓......@Y......))..%..%%
▓▓▓▓▓▓▓▓▓▓▓▓▓▓▓▓▓▓▓▓▓▓▓▓


You could see a death yak.

Vanquished Creatures
  5 death yaks (D)
  A spiny frog (D)
  A polar bear (D)
  A blink frog (D)
  A deep elf mage (D)
  2 hippogriffs (D)
  2 hungry ghosts (D)
  3 yaks (D)
  3 water moccasins (D)
  2 orc warriors (D)
  2 crocodiles (D)
  A boring beetle (D)
  2 giant frogs (D)
  3 hounds (D)
  A crimson imp (D)
  An iguana (D)
  2 worker ants (D)
  A green rat (D)
  A shadow imp (D)
  2 adders (D)
  An orc (D)
  A giant cockroach (D)
  3 goblins (D)
  2 hobgoblins (D)
  A kobold (D)
  A giant gecko zombie (D)
  A goblin zombie (D)
47 creatures vanquished.

Notes
Turn   | Place    | Note
--------------------------------------------------------------
     0 | D        | runewalsh, the Octopode Air Elementalist, began the quest for the Orb.
     0 | D        | Reached XP level 1. HP: 11/11 MP: 3/3
    12 | D        | Reached XP level 2. HP: 15/17 MP: 0/5
    52 | D        | Noticed a hound
    52 | D        | Noticed a crimson imp
    58 | D        | Reached skill level 4 in Air Magic
    64 | D        | Killed a hound
    64 | D        | Reached skill level 5 in Air Magic
    64 | D        | Reached XP level 3. HP: 16/21 MP: 0/8
    64 | D        | Reached XP level 4. HP: 20/27 MP: 0/10
    72 | D        | Killed a crimson imp
    72 | D        | Reached skill level 5 in Conjurations
    72 | D        | Reached skill level 6 in Air Magic
    80 | D        | Learned a level 3 spell: Static Discharge
    83 | D        | Learned a level 2 spell: Swiftness
    86 | D        | Learned a level 2 spell: Repel Missiles
    98 | D        | Found a glowing silver altar of Zin.
    98 | D        | Found a glowing golden altar of the Shining One.
    98 | D        | Found an ancient bone altar of Kikubaaqudgha.
    98 | D        | Found a basalt altar of Yredelemnul.
    98 | D        | Found a shimmering altar of Xom.
    98 | D        | Found a radiant altar of Vehumet.
    98 | D        | Found an iron altar of Okawaru.
    99 | D        | Found a burning altar of Makhleb.
   100 | D        | Found a deep blue altar of Sif Muna.
   101 | D        | Found a bloodstained altar of Trog.
   102 | D        | Found a sparkling altar of Nemelex Xobeh.
   103 | D        | Found a white marble altar of Elyvilon.
   104 | D        | Found a roughly hewn altar of Beogh.
   105 | D        | Found a viscous altar of Jiyva.
   106 | D        | Found a corrupted altar of Lugonu.
   108 | D        | Became a worshipper of Vehumet
   110 | D        | Found a blossoming altar of Fedhas.
   111 | D        | Found a snail-covered altar of Cheibriados.
   112 | D        | Found a shadowy altar of Dithmenos.
   113 | D        | Found a stormy altar of Qazlal.
   114 | D        | Found an opulent altar of Gozag.
   173 | D        | Noticed an orc warrior
   173 | D        | Noticed a giant frog
   173 | D        | Noticed a deep elf mage
   173 | D        | Noticed a hungry ghost
   178 | D        | Killed a giant frog
   178 | D        | Reached skill level 7 in Air Magic
   178 | D        | Reached XP level 5. HP: 31/31 MP: 8/14
   178 | D        | Acquired Vehumet's first power
   178 | D        | Offered knowledge of Magic Dart by Vehumet.
   180 | D        | Killed a deep elf mage
   180 | D        | Reached skill level 5 in Spellcasting
   180 | D        | Reached skill level 8 in Conjurations
   180 | D        | Reached skill level 9 in Air Magic
   180 | D        | Reached XP level 6. HP: 27/36 MP: 6/18
   180 | D        | Killed a hungry ghost
   180 | D        | Reached XP level 7. HP: 30/41 MP: 6/20
   181 | D        | Killed an orc warrior
   181 | D        | Reached skill level 10 in Air Magic
   190 | D        | Learned a level 5 spell: Lightning Bolt
   414 | D        | Noticed a worker ant
   414 | D        | Noticed a hungry ghost
   414 | D        | Noticed an orc warrior
   414 | D        | Noticed a worker ant
   415 | D        | Offered knowledge of Flame Tongue by Vehumet.
   415 | D        | Killed a worker ant
   416 | D        | Killed a worker ant
   416 | D        | Acquired Vehumet's second power
   416 | D        | Killed a hungry ghost
   416 | D        | Reached skill level 10 in Conjurations
   416 | D        | Killed an orc warrior
   629 | D        | Noticed a crocodile
   629 | D        | Noticed a hound
   629 | D        | Noticed a giant frog
   629 | D        | Noticed a hippogriff
   629 | D        | Noticed a water moccasin
   629 | D        | Noticed an iguana
   630 | D        | Killed a hound
   630 | D        | Offered knowledge of Inner Flame by Vehumet.
   630 | D        | Reached XP level 8. HP: 46/46 MP: 17/23
   630 | D        | Acquired Vehumet's third power
   631 | D        | Killed an iguana
   631 | D        | Reached skill level 11 in Conjurations
   632 | D        | Noticed a water moccasin
   632 | D        | Killed a hippogriff
   633 | D        | Killed a water moccasin
   777 | D        | Killed a crocodile
   782 | D        | Killed a giant frog
   844 | D        | Killed a water moccasin
   844 | D        | Offered knowledge of Fulminant Prism by Vehumet.
   844 | D        | Reached skill level 12 in Conjurations
   903 | D        | Noticed a blink frog
   903 | D        | Noticed a crocodile
   903 | D        | Noticed a water moccasin
   903 | D        | Noticed a hippogriff
   903 | D        | Noticed a boring beetle
   903 | D        | Noticed a hound
   903 | D        | Noticed a yak
   904 | D        | Killed a hound
   906 | D        | Noticed a polar bear
   906 | D        | Killed a hippogriff
   907 | D        | Noticed a spiny frog
   907 | D        | Killed a crocodile
   907 | D        | Killed a spiny frog
   907 | D        | Reached skill level 13 in Conjurations
   907 | D        | Reached XP level 9. HP: 34/51 MP: 13/26
   908 | D        | Killed a yak
   909 | D        | Killed a boring beetle
   909 | D        | Killed a polar bear
   912 | D        | Killed a water moccasin
   915 | D        | Killed a blink frog
   915 | D        | Reached skill level 14 in Conjurations
   996 | D        | Noticed a death yak
   996 | D        | Noticed a death yak
   996 | D        | Noticed a death yak
   996 | D        | Noticed a death yak
   996 | D        | Noticed a death yak
   996 | D        | Noticed a yak
   996 | D        | Noticed a yak
   997 | D        | Killed a yak
   997 | D        | Offered knowledge of Mephitic Cloud by Vehumet.
   998 | D        | Noticed a death yak
  1285 | D        | Killed a death yak
  1285 | D        | Offered knowledge of Orb of Destruction by Vehumet.
  1285 | D        | Reached skill level 10 in Spellcasting
  1285 | D        | Reached XP level 10. HP: 35/56 MP: 7/29
  1285 | D        | Killed a yak
  1285 | D        | Reached skill level 15 in Conjurations
  1286 | D        | Killed a death yak
  1286 | D        | Killed a death yak
  1286 | D        | Reached skill level 16 in Conjurations
  1286 | D        | Killed a death yak
  1286 | D        | Killed a death yak
  1286 | D        | Reached skill level 17 in Conjurations
  1311 | D        | Learned a level 7 spell: Orb of Destruction
  1438 | D        | Slain by a death yak

Action                   |  1- 3 |  4- 6 |  7- 9 | 10-12 || total
-------------------------+-------+-------+-------+-------++-------
Melee: Unarmed           |     6 |     8 |       |       ||    14
 Cast: Shock             |     8 |     5 |     2 |       ||    15
       Lightning Bolt    |       |       |    24 |     5 ||    29
       Swiftness         |       |       |     2 |     1 ||     3
Evoke: Wand              |       |       |     2 |       ||     2
  Use: Potion            |       |     1 |     1 |       ||     2
  Eat: Bread ration      |       |       |       |     1 ||     1
